Map: Romanticide LE

Players

ByuN

  • Race: Terran Terran
  • League: Diamond
  • Spawn Location: 11:00

Pumba - Winner!

  • Race: Zerg Zerg
  • League: Diamond
  • Spawn Location: 5:00

VOD

Have the link to the VOD?

Description

Time

  • Played on: Aug. 31, 2021, 8:21 p.m.
  • Length: 17:37
Show
View Real Time Build Order
Export as new Build Order

ByuN Terran 

Build Orders: Hellion Opening, Reaper Expand 

Get SALT Encoding   

  12  0:00  SCV  
  13  0:12  SCV  
  14  0:17  Supply Depot  
  14  0:24  SCV  
  15  0:39  SCV  
  15  0:40  Barracks  
  16  0:43  Refinery  
  16  0:51  SCV  
  17  1:03  SCV  
  18  1:15  SCV  
  19  1:27  Reaper, Orbital Command  
  20  1:39  Command Center  
  20  1:49  Supply Depot  
  20  1:53  SCV  
  21  1:59  Marine  
  22  2:06  SCV  
  23  2:13  Refinery, Factory  
  23  2:19  Barracks Reactor  
  23  2:24  SCV  
  23  2:36  SCV  
  24  2:48  SCV  
  24  2:50  Orbital Command  
  25  2:58  Starport  
  25  3:00  SCV  
  25  3:04  Hellion x2  
  31  3:12  SCV  
  31  3:18  SCV  
  32  3:24  SCV  
  33  3:29  Hellion x2  
  37  3:38  SCV x2  
  37  3:39  Fusion Core  
  39  3:45  Supply Depot  
  39  3:51  Hellion x2  
  39  3:53  SCV x2  
  45  3:56  Starport Tech Lab  
  45  4:05  SCV  
  45  4:06  SCV  
  45  4:07  Supply Depot  
  47  4:14  Supply Depot  
  47  4:17  SCV  
  47  4:18  SCV  
  49  4:24  Supply Depot  
  49  4:28  Battlecruiser  
  55  4:33  Command Center  
  55  4:39  Armory  
  55  4:42  SCV  
  56  4:48  SCV  
  56  4:51  Hellion x2  
  61  4:58  SCV  
  62  5:00  SCV  
  62  5:02  Refinery  
  62  5:04  Refinery  
  63  5:10  SCV  
  63  5:12  SCV  
  69  5:28  Factory Tech Lab  
  65  5:30  Factory  
  65  5:32  SCV x2, Factory  
  67  5:44  SCV x2  
  67  5:49  Engineering Bay  
  69  5:56  SCV x2  
  71  5:58  Orbital Command  
  71  6:01  Battlecruiser  
  65  6:08  SCV x2  
  63  6:13  Cyclone  
  63  6:15  Widow Mine x2  
  64  6:19  Missile Turret  
  64  6:20  SCV x2  
  64  6:22  Missile Turret  
  64  6:23  Missile Turret  
  64  6:25  Missile Turret  
  66  6:27  Widow Mine  
  66  6:32  SCV x2  
  70  6:33  Drilling Claws  
  70  6:36  SCV  
  70  6:37  Marine  
  71  6:44  SCV x2  
  68  6:48  SCV  
  69  6:55  Marine  
  69  6:56  SCV x2  
  69  7:00  SCV, Factory Reactor  
  73  7:02  Factory Tech Lab  
  73  7:03  Cyclone, Hellion x2  
  73  7:08  Battlecruiser, SCV x2  
  86  7:12  SCV  
  86  7:13  Marine  
  90  7:19  Terran Vehicle Weapons Level 1  
  90  7:20  SCV  
  91  7:27  Hellion  
  91  7:29  Hellion  
  93  7:32  Supply Depot  
  91  7:37  Supply Depot  
  91  7:38  Supply Depot  
  91  7:42  Orbital Command  
  91  7:44  Cyclone  
  94  7:51  Cyclone, Hellion x2  
  98  7:53  SCV x2  
  103  8:07  Armory  
  103  8:08  SCV x3  
  102  8:21  SCV x3  
  102  8:26  Supply Depot  
  105  8:27  Supply Depot  
  105  8:28  Refinery  
  105  8:33  SCV  
  105  8:34  SCV x2  
  108  8:38  Refinery  
  108  8:40  Refinery  
  108  8:41  Command Center  
  108  8:43  Armory  
  108  8:44  Factory  
  108  8:45  Hellion x2, Siege Tank, SCV  
  108  8:46  Factory  
  116  8:49  SCV x2  
  116  8:51  Missile Turret  
  118  8:57  SCV  
  118  9:01  SCV  
  116  9:08  Hellion x2, Siege Tank  
  116  9:09  SCV x2  
  122  9:16  SCV  
  123  9:18  Terran Vehicle And Ship Armor Level 1  
  123  9:21  SCV x2  
  125  9:28  SCV  
  126  9:33  SCV  
  126  9:34  Siege Tank  
  126  9:35  Hellion x2, Factory Tech Lab, Factory Reactor, Infernal Pre-Igniter  
  134  9:43  Supply Depot  
  134  9:44  Supply Depot x2  
  134  9:46  Supply Depot  
  134  9:48  Supply Depot x2, Siege Tank  
  134  9:50  SCV x2  
  139  9:53  Refinery  
  139  9:57  Refinery  
  139  10:12  Thor  
  139  10:13  Siege Tank  
  150  10:14  Hellion  
  150  10:15  SCV  
  150  10:20  Command Center  
  151  10:22  SCV  
  151  10:23  SCV  
  151  10:27  SCV  
  154  10:31  Battlecruiser  
  154  10:34  SCV  
  155  10:43  Widow Mine x4  
  155  10:46  Siege Tank  
  155  10:47  Widow Mine  
  168  10:58  Missile Turret  
  168  10:59  Missile Turret  
  168  11:00  Missile Turret  
  168  11:02  Siege Tank  
  152  11:08  Siege Tank  
  142  11:17  Hellion x3  
  128  11:18  Siege Tank  
  109  11:34  Siege Tank  
  109  11:36  Hellion  
  109  11:39  Hellion, Planetary Fortress  
  96  11:40  Siege Tank  
  96  11:42  SCV x2  
  98  11:50  Siege Tank  
  101  11:59  Hellion x2  
  103  12:03  Hellion  
  103  12:06  Refinery, Siege Tank  
  107  12:12  Missile Turret, Siege Tank  
  107  12:13  Missile Turret  
  110  12:18  SCV x2  
  112  12:24  SCV  
  112  12:25  Terran Vehicle Weapons Level 2  
  112  12:27  Hellion  
  112  12:28  Hellion  
  117  12:30  SCV x2  
  117  12:34  Orbital Command  
  119  12:37  SCV  
  119  12:42  SCV  
  121  12:52  SCV x2  
  121  12:54  SCV  
  121  12:55  Refinery x2  
  124  13:00  Supply Depot  
  124  13:02  Supply Depot  
  124  13:04  SCV  
  125  13:06  Supply Depot  
  125  13:07  SCV x2  
  127  13:21  SCV x3  
  127  13:25  SCV  
  131  13:33  SCV x2  
  133  13:37  Hellion x3  
  133  13:38  Hellion, Siege Tank x2  
  147  13:45  SCV  
  148  13:56  SCV x3  
  148  14:01  Supply Depot  
  148  14:02  Supply Depot, SCV  
  152  14:08  SCV x2  
  152  14:09  SCV  
  155  14:14  SCV  
  156  14:19  Refinery  
  156  14:20  Refinery, SCV  
  156  14:21  SCV x2, Missile Turret x2  
  108  14:33  SCV x2  
  108  14:34  Orbital Command  
  95  14:42  Thor  
  82  14:59  Thor  
  85  15:00  Cyclone  
  85  15:03  SCV  
  87  15:08  SCV x2  
Show
View Real Time Build Order
Export as new Build Order

Pumba Zerg - Winner!

Build Orders: Pool First 

Get SALT Encoding   

  12  0:00  Drone  
  13  0:12  Overlord  
  13  0:16  Drone  
  14  0:31  Drone x2  
  16  0:37  Drone  
  17  0:42  Extractor  
  16  0:51  Drone  
  16  0:52  Spawning Pool  
  17  0:57  Drone  
  17  1:15  Hatchery  
  16  1:18  Drone  
  17  1:28  Drone  
  18  1:39  Zergling x2, Queen  
  21  1:45  Overlord  
  21  1:50  Drone  
  22  1:55  Metabolic Boost  
  22  2:11  Drone  
  22  2:14  Queen  
  25  2:26  Drone x2  
  27  2:31  Lair  
  27  2:32  Drone  
  27  2:34  Extractor  
  27  2:35  Drone  
  28  2:44  Drone  
  28  2:45  Drone  
  28  2:47  Drone  
  28  2:48  Drone  
  28  2:49  Drone  
  33  2:54  Overlord  
  33  3:09  Zergling x4  
  35  3:22  Drone  
  35  3:23  Drone x2  
  37  3:30  Drone x7  
  44  3:36  Overseer  
  44  3:38  Overlord  
  44  3:41  Spire  
  42  3:52  Overlord  
  42  3:54  Overlord  
  42  3:57  Queen  
  44  4:07  Overlord  
  44  4:10  Hatchery  
  44  4:12  Drone  
  44  4:16  Drone x3  
  47  4:19  Extractor x2  
  45  4:25  Zergling x6  
  45  4:26  Zergling x2  
  49  4:32  Drone x3  
  52  4:39  Drone  
  52  4:44  Drone x3  
  56  4:47  Queen  
  57  4:53  Zergling x6  
  60  5:05  Mutalisk x3  
  66  5:08  Overlord  
  66  5:22  Mutalisk x3  
  66  5:26  Mutalisk  
  66  5:27  Mutalisk  
  76  5:31  Mutalisk  
  78  5:40  Mutalisk  
  78  5:41  Spore Crawler  
  79  5:46  Zergling x14  
  77  5:51  Queen  
  77  5:54  Spine Crawler  
  75  5:59  Mutalisk  
  77  6:07  Drone x3  
  77  6:08  Mutalisk  
  79  6:25  Queen  
  81  6:32  Overlord x3  
  81  6:34  Zerg Flyer Weapons Level 1  
  81  6:49  Queen  
  83  6:56  Drone x7  
  83  6:57  Drone x7  
  97  7:07  Drone  
  98  7:18  Drone  
  98  7:19  Drone x2  
  98  7:22  Hatchery  
  99  7:24  Overlord  
  99  7:31  Hatchery  
  98  7:42  Drone  
  99  7:47  Extractor x2  
  97  7:53  Drone x3  
  97  7:54  Drone x3  
  97  7:55  Drone x9  
  112  7:59  Overlord x2  
  112  8:06  Drone, Evolution Chamber  
  112  8:07  Evolution Chamber  
  112  8:08  Baneling Nest  
  112  8:09  Roach Warren  
  102  8:29  Drone x3, Extractor  
  102  8:30  Drone x2, Extractor  
  102  8:31  Drone  
  102  8:33  Zergling x14  
  113  8:40  Zerg Melee Weapons Level 1  
  113  8:41  Zerg Missile Weapons Level 1  
  113  8:48  Mutalisk x6  
  125  8:56  Baneling x6  
  125  8:57  Baneling, Mutalisk x2  
  125  8:58  Roach x6  
  135  9:13  Roach  
  135  9:14  Roach x2  
  141  9:18  Overlord x5  
  135  9:37  Corruptor x7  
  147  9:41  Glial Reconstitution  
  147  9:42  Centrifugal Hooks  
  147  9:43  Roach x4  
  147  9:44  Roach x2  
  147  9:45  Ravager x3  
  161  9:46  Ravager x2  
  162  9:55  Queen x2  
  166  10:02  Overlord x3  
  166  10:13  Ravager  
  166  10:14  Ravager x4  
  171  10:15  Zergling x22  
  182  10:38  Extractor  
  182  10:39  Extractor  
  172  11:05  Zergling x22  
  146  11:47  Drone x3, Hatchery  
  146  11:48  Drone x3  
  146  11:50  Drone x5  
  146  11:51  Drone  
  146  11:54  Zerg Melee Weapons Level 2  
  148  11:55  Hatchery, Zerg Missile Weapons Level 2  
  148  11:56  Zerg Flyer Weapons Level 2, Hatchery  
  148  12:00  Hatchery  
  120  12:12  Hatchery  
  119  12:20  Roach x17  
  153  12:34  Zergling x18  
  153  12:35  Zergling x20  
  172  12:38  Zergling x2  
  172  12:39  Zergling x4  
  175  12:56  Spore Crawler  
  175  12:57  Spore Crawler, Spine Crawler  
  172  13:29  Ravager  
  172  13:30  Baneling x7  
  172  13:31  Baneling x23  
  173  13:40  Zergling x32  
  189  13:51  Unknown  
  188  13:56  Infestation Pit  
  185  14:04  Zergling x26  
  185  14:05  Zergling x4  
  185  14:07  Baneling x10  
  185  14:08  Baneling  
  182  14:30  Zergling x32  
  141  14:45  Overseer x3  
  129  14:55  Zergling x36  
  129  14:56  Mutalisk x13  
  169  15:04  Roach  
  166  15:11  Drone x9  
  167  15:40  Extractor  
  167  15:42  Extractor  
Tags
 
Add a new tag
Caveats
  • Supply blocks, unpowered buildings, or Contaminate may cause inaccurate times.
  • Supply counts are checked every 10 seconds.